 Dungeon Crawl Stone Soup version 0.22-a0-91-g23542c2 (webtiles) character file.

111 KristoblXynda the Insei (level 4, 0/38 HPs)
             Began as a Draconian Monk on Jan 22, 2018.
             Slain by an orc wizard
             ... wielding a +0 long sword
              (4 damage)
             ... on level 2 of the Dungeon.
             The game lasted 00:03:10 (1869 turns).

KristoblXynda the Insei (Draconian Monk)            Turns: 1869, Time: 00:03:12

Health: 0/38       AC:  5    Str: 13    XL:     4   Next: 62%
Magic:  4/4        EV: 14    Int: 11    God:
Gold:   48         SH:  0    Dex: 14    Spells: 3/3 levels left

rFire    . . .     SeeInvis .     - Unarmed
rCold    . . .     Gourm    .   (no shield)
rNeg     . . .     Faith    .   (armour unavailable)
rPois    .         Spirit   .   (helmet restricted)
rElec    .         Reflect  .   (no cloak)
rCorr    .         Harm     .   (no gloves)
MR       .....                  (no boots)
Stlth    ++........             (no amulet)
HPRegen  0.12/turn              (no ring)
MPRegen  0.09/turn              (no ring)

@: no status effects
A: unfitting armour, cold-blooded, AC +5
a: no special abilities


You were on level 2 of the Dungeon.
You were not hungry.

You visited 1 branch of the dungeon, and saw 2 of its levels.

You collected 48 gold pieces.

Inventory:

Scrolls
 c - 3 scrolls of blinking {unknown}
Potions
 b - a potion of lignification {unknown}
Comestibles
 a - 3 rations


   Skills:
 - Level 3.2 Fighting
 + Level 4.0 Dodging
 - Level 1.7 Stealth
 + Level 4.3 Unarmed Combat


You had 3 spell levels left.
You didn't know any spells.

Dungeon Overview and Level Annotations

Branches:
Dungeon (2/15)

Altars:


Innate Abilities, Weirdness & Mutations

Your plain brown scales are hard. (AC +5)
You cannot fit into any form of body armour.
You are cold-blooded and may be slowed by cold attacks.


Message History

You hit the orc.
Your tail-slap misses the orc.
The orc is almost dead.
The orc wizard closely misses you. The orc hits you with a hand axe.
* * * LOW HITPOINT WARNING * * *
You hit the orc.
You kill the orc!
The orc wizard gestures wildly while chanting.
The orc wizard blinks!
You see here a hand axe.
The orc wizard gestures at you while chanting.
The magic dart hits you!
* * * LOW HITPOINT WARNING * * *
Found a murky coppery potion and a dagger.
You hit the orc wizard.
The orc wizard is severely wounded.
The orc wizard points at you and mumbles some strange words.
The magic dart hits you!
* * * LOW HITPOINT WARNING * * *
The orc wizard hits you with a long sword.
You die...

### #. ..# .#.# #.# .#.#
#.# .#.# #)# .#.### #.#
.....#########.#########
########
........(.))...o@.......
..##...
.(...#########.#########
#.##... .#'######### #!#
#######.##...
............ ...
.............
.#.............##
#######.#####
...............+
........#
...............#
....###.#####
...).....≈≈≈...# ..
#...... ##.†..##≈≈≈≈≈..
####÷####


You could see an orc wizard.

Vanquished Creatures
  3 gnolls (D:2)
  An adder (D:2)
  2 oozes (D:2)
  A worm (D:2)
  2 dart slugs
  A leopard gecko (D:1)
  3 orcs (D:2)
  A ball python (D:1)
  5 bats
  3 giant cockroaches
  5 goblins
  7 hobgoblins
  2 jackals (D:2)
  7 kobolds
  3 frilled lizards
  7 rats
53 creatures vanquished.

Notes
Turn   | Place    | Note
-------+----------+-------------------------------------------
     0 | D:1      | KristoblXynda the Draconian Monk began the quest for the Orb.
     0 | D:1      | Reached XP level 1. HP: 19/19 MP: 1/1
    72 | D:1      | Reached XP level 2. HP: 12/26 MP: 2/2
   352 | D:1      | Reached XP level 3. HP: 9/31 MP: 3/3
  1322 | D:2      | Reached XP level 4. HP: 28/38 MP: 4/4
  1869 | D:2      | Slain by an orc wizard

Vault maps used:
D:1:      minmay_arrival_four_houses
D:2:      kennysheep_slug_shrine

Skill      XL: |  1  2  3  4 |
---------------+-------------+-----
Dodging        | 3 4 |  4.0
Unarmed Combat | 4 |  4.3
Fighting       | |  3.2
Stealth        | |  1.7

Action                   |  1- 3 |  4- 6 || total
-------------------------+-------+-------++-------
Melee: Unarmed           |   145 |    60 ||   205
       Tailslap          |    14 |     6 ||    20
       Punch             |     2 |     1 ||     3
  Use: Scroll            |     1 |       ||     1
 Stab: Sleeping          |       |     1 ||     1
  Eat: Chunk             |     1 |     2 ||     3
Armor: Skin              |    40 |    10 ||    50
Dodge: Dodged            |   119 |    32 ||   151

Table legend:
 A = Spawn XP
 B = Non-spawn XP
 C = Spawn XP percentage of total XP
 D = Spawn monster count
 E = Non-spawn monster count
 F = Spawn count percentage of total count
 G = Total turns spent on level
                    A         B        C        D         E        F      G
               +---------+---------+-------+---------+---------+-------+---------
         Total |       0 |     159 |   0.0 |       0 |      53 |   0.0 |  1869
               +---------+---------+-------+---------+---------+-------+---------
           D:1 |       0 |      52 |   0.0 |       0 |      29 |   0.0 |  1028
           D:2 |       0 |     107 |   0.0 |       0 |      24 |   0.0 |   841
               +---------+---------+-------+---------+---------+-------+---------
